 Dungeon Crawl Stone Soup version 0.20.0-15-g7f486f2 (webtiles) character file.

44485 vishdafish the Blocker (level 14, -8/129 HPs)
             Began as a Gargoyle Fighter on June 20, 2017.
             Was a High Priest of Okawaru.
             Mangled by an ogre
             ... wielding a +0 giant club
              (12 damage)
             ... on level 2 of the Orcish Mines.
             The game lasted 01:04:09 (16970 turns).

vishdafish the Blocker (Gargoyle Fighter)          Turns: 16970, Time: 01:04:10

Health: -8/129     AC: 27    Str: 30    XL:     14   Next: 28%
Magic:  19/19      EV:  2    Int:  9    God:    Okawaru [*****.]
Gold:   1153       SH: 13    Dex:  9    Spells: 13/13 levels left

rFire    . . .     SeeInvis .   y - +0 whip (elec)
rCold    . . .     Gourm    .   c - +0 shield
rNeg     + + +     Faith    .   (armour currently unavailable)
rPois    ∞         Spirit   .   (helmet currently unavailable)
rElec    .         Reflect  .   (cloak currently unavailable)
rCorr    .         Harm     .   (gloves currently unavailable)
MR       ++...     NoTele   +   (boots currently unavailable)
Stlth    ++........             x - amulet of rage
Regen    0.8/turn               a - ring of Ygaiklof {+Blink rPois Str+3 Slay+3}
MPRegen  0.2/turn               w - +2 ring of strength

@: tree-form (expiring), berserk cooldown, slowed, very slow
A: clumsy 1, high mp 1, magic resistance 1, mutation resistance 1, negative
energy resistance 1, regeneration 1, strong 1, petrification resistance, rot
immunity, AC +9
a: Heroism, Finesse, Renounce Religion, Evoke Blink, Evoke Berserk Rage


You were on level 2 of the Orcish Mines.
You worshipped Okawaru.
Okawaru was extremely pleased with you.
You were not hungry.
You were a tree.
You visited 3 branches of the dungeon, and saw 18 of its levels.
You visited 1 bazaar.
You also visited: Labyrinth.

You collected 1153 gold pieces.

Inventory:

Hand Weapons
 y - a +0 whip of electrocution (weapon)
Armour
 c - a +0 shield (worn)
 z - the +8 plate armour of Ynkisul (melded) {SInv}
   (You found it on level 5 of the Dungeon)

   It lets you see invisible.
 T - a scarf of spirit shield (melded)
 V - a +0 helmet (melded)
Jewellery
 a - the ring of Ygaiklof (left branch) {+Blink rPois Str+3 Slay+3}
   (You took it off a minotaur in a labyrinth)

   [ring of poison resistance]

   It affects your strength (+3).
   It affects your accuracy and damage with ranged weapons and melee attacks
   (+3).
   It protects you from poison.
   It lets you blink.
 b - an uncursed ring of positive energy
 q - an uncursed ring of positive energy
 w - a +2 ring of strength (right branch)
 x - an amulet of rage (around neck)
 H - an uncursed ring of protection from fire
Wands
 d - a wand of random effects (25/48)
 o - a wand of iceblast (8/15)
 s - a wand of paralysis (12/24)
 t - a wand of confusion (17/48)
 E - a wand of flame (6/48)
 F - a wand of iceblast (1/15)
 M - a wand of polymorph (19/24)
 W - a wand of digging (9/24)
Scrolls
 e - a scroll of magic mapping {unknown}
 h - a scroll of enchant weapon {unknown}
 j - 4 scrolls of remove curse
 n - 3 scrolls of enchant armour
 p - 2 scrolls of noise {unknown}
 r - 4 scrolls of blinking
 D - 6 scrolls of amnesia
 J - 3 scrolls of teleportation
 K - a scroll of holy word {unknown}
 P - a scroll of fog {unknown}
 R - 2 scrolls of immolation {unknown}
Potions
 g - 2 potions of lignification
 i - 5 potions of curing
 l - 2 potions of brilliance
 u - 3 potions of flight
 v - a potion of invisibility
 A - a potion of might
 N - a potion of cancellation
 S - a potion of haste
 U - 2 potions of agility
 X - a potion of magic
Books
 f - a book of Debilitation

   Spells                             Type                      Level
   a - Corona                         Hexes                        1
   b - Slow                           Hexes                        2
   c - Inner Flame                    Hexes/Fire                   3
   d - Portal Projectile              Hexes/Translocation          3
   e - Cause Fear                     Hexes                        4
   f - Leda's Liquefaction            Hexes/Earth                  4
 B - a book of the Sky

   Spells                             Type                      Level
   a - Summon Lightning Spire         Summoning/Air                4
   b - Silence                        Hexes/Air                    5
   c - Deflect Missiles               Charms/Air                   6
   d - Conjure Ball Lightning         Conjuration/Air              6
   e - Tornado                        Air                          9
 C - a book of Frost

   Spells                             Type                      Level
   a - Freeze                         Ice                          1
   b - Throw Frost                    Conjuration/Ice              2
   c - Ozocubu's Armour               Charms/Ice                   3
   d - Throw Icicle                   Conjuration/Ice              4
   e - Summon Ice Beast               Ice/Summoning                4
 I - a book of Geomancy

   Spells                             Type                      Level
   a - Sandblast                      Earth                        1
   b - Passwall                       Transmutation/Earth          2
   c - Stone Arrow                    Conjuration/Earth            3
   d - Petrify                        Transmutation/Earth          4
   e - Lee's Rapid Deconstruction     Earth                        5
 L - a book of Cantrips

   Spells                             Type                      Level
   a - Confusing Touch                Hexes                        1
   b - Animate Skeleton               Necromancy                   1
   c - Summon Small Mammal            Summoning                    1
   d - Apportation                    Translocation                1
 O - a book of Callings

   Spells                             Type                      Level
   a - Summon Small Mammal            Summoning                    1
   b - Call Imp                       Summoning                    2
   c - Call Canine Familiar           Summoning                    3
   d - Summon Guardian Golem          Hexes/Summoning              3
   e - Summon Lightning Spire         Summoning/Air                4
   f - Summon Ice Beast               Ice/Summoning                4
 Q - a book of Battle

   Spells                             Type                      Level
   a - Infusion                       Charms                       1
   b - Shroud of Golubria             Charms/Translocation         2
   c - Song of Slaying                Charms                       2
   d - Spectral Weapon                Hexes/Charms                 3
   e - Regeneration                   Charms/Necromancy            3
 Y - a book of Necromancy

   Spells                             Type                      Level
   a - Pain                           Necromancy                   1
   b - Animate Skeleton               Necromancy                   1
   c - Vampiric Draining              Necromancy                   3
   d - Regeneration                   Charms/Necromancy            3
   e - Animate Dead                   Necromancy                   4
   f - Control Undead                 Necromancy                   4
Comestibles
 k - 14 fruits
 m - 15 royal jellies
 G - 3 meat rations


   Skills:
 + Level 9.5 Fighting
 + Level 12.0 Maces & Flails
 * Level 12.7 Armour
 * Level 8.7 Dodging
 - Level 2.2 Stealth
 + Level 12.7 Shields
 - Level 5.0 Invocations
 - Level 1.5 Evocations


You had 13 spell levels left.
You didn't know any spells.

Dungeon Overview and Level Annotations

Branches:
Dungeon (15/15)            Temple (1/1) D:6            Lair (0/6) D:10
    Orc (2/2) D:10         Vaults (0/5) D:13
    Elf: Orc:2       Depths: D:15

Altars:
Ashenzari
Cheibriados
Dithmenos
Elyvilon
Fedhas
Gozag
Hepliaklqana
Kikubaaqudgha
Makhleb
Nemelex Xobeh
Okawaru
Qazlal
Ru
Sif Muna
Trog
Uskayaw
Vehumet
Xom
Yredelemnul
Zin
The Shining One

Shops:
D:11 *   D:12 (

Annotations:
D:10 exclusion: oklob plant
Orc:2 yogakurto's ghost, journeyman MfGl


Innate Abilities, Weirdness & Mutations

You are resistant to torment.
((Your stone body is resilient. (AC +9)))
You are immune to poison.
((Your large and strong wings let you fly indefinitely.))
You resist negative energy. (rN+)
((You are resistant to electric shocks. (rElec)))
((You can survive without breathing.))
You are immune to petrification.
You are immune to rotting.
You are clumsy. (Dex -2)
You have an increased reservoir of magic. (+10% MP)
You are resistant to hostile enchantments. (MR+)
You are somewhat resistant to further mutation.
Your natural rate of healing is unusually fast.
Your muscles are strong. (Str +2)


Message History

You barely miss yogakurto's ghost.
Yogakurto's ghost is severely damaged.
The ogre hits you but does no damage.
You block the two-headed ogre's attack. x2
You block yogakurto's ghost's attack.
A two-headed ogre comes into view. It is wielding two giant clubs.
You barely miss yogakurto's ghost.
Yogakurto's ghost is severely damaged.
You are no longer berserk.
You are exhausted.
You feel as though you will be slow longer.
The two-headed ogre shouts in stereo!
You block the ogre's attack.
A two-headed ogre comes into view.
It is wielding a giant club and a giant spiked club.
You cannot move.
You miss yogakurto's ghost.
Yogakurto's ghost is severely damaged.
The ogre hits you with a giant club.
* * * LOW HITPOINT WARNING * * *
You block yogakurto's ghost's attack. The ogre hits you with a giant club!
You die...

#................
##. #.....OO.....
#...###$...)......
.#...#$##..........
........$..........
.#.#.#............T
#...#.OTo#.).......
...#.oOOW##....$...
#..OO♣O.##.......
##..##.## #......
### ### ..#<..
..#... .o# ..


You could see 4 two-headed ogres, a troll, 4 ogres, an orc priest, yogakurto's
ghost and an orc.

Vanquished Creatures
  Kirke (D:13)
  Josephine (D:11)
  A minotaur (Lab)
  4 vault guards (D:13)
  3 centaur warriors (D:13)
  A death knight (D:14)
  4 two-headed ogres
  2 tengu warriors
  A shock serpent (shapeshifter) (D:14)
  Urug (D:13)
  2 deep elf knights (D:14)
  A skeletal warrior (D:14)
  An unseen horror (D:13)
  Pikel (D:5)
  A phantasmal warrior (D:14)
  A deep troll (D:14)
  An orc knight (D:9)
  5 cyclopes
  4 manticores
  4 ugly things
  Maurice (Orc:1)
  Joseph (D:8)
  A black mamba (shapeshifter) (D:14)
  Psyche (D:8)
  A gargoyle (D:9)
  4 centaur skeletons
  A kobold demonologist (D:13)
  A yaktaur (D:15)
  2 tengu conjurers
  10 trolls
  A queen bee (D:8)
  2 hornets
  6 hippogriffs
  5 slime creatures (D:14)
  11 yaks
  5 wraiths
  A wyvern (shapeshifter) (D:9)
  A shadow (D:13)
  5 wyverns
  A basilisk (D:13)
  A hog (D:13)
  A steam dragon (D:9)
  A hungry ghost (D:10)
  4 vampire mosquitoes
  A warg (Orc:1)
  A soldier ant (D:13)
  A water moccasin (D:4)
  6 orc warriors
  Duvessa (D:5)
  A black bear (D:8)
  4 sky beasts
  2 ice beasts
  An eye of draining (D:12)
  A phantom (D:5)
  16 ogres
  12 centaurs
  3 big kobolds
  12 bullfrogs
  2 water moccasin zombies
  A wyvern zombie (D:11)
  5 scorpions
  Dowan (D:5)
  A water moccasin skeleton (D:5)
  33 killer bees
  6 wights
  2 electric eels (D:8)
  7 crimson imps
  3 centaur zombies
  4 bullfrog zombies
  2 quasits
  6 hounds
  7 jellies
  3 orc priests
  5 bullfrog skeletons
  6 iguanas
  8 orc wizards
  12 worker ants
  A hound zombie (D:5)
  A hound skeleton (D:8)
  A howler monkey zombie (D:9)
  2 worker ant zombies
  4 gnolls (D:8)
  11 adders
  4 shadow imps
  An ooze (D:1)
  3 adder skeletons
  An adder zombie (D:7)
  3 worms
  2 dart slugs (D:1)
  6 leopard geckos
  32 orcs
  2 ball pythons
  7 giant cockroaches
  11 goblins
  2 hobgoblins
  8 jackals
  23 kobolds
  6 quokkas
  7 bats
  5 frilled lizards
  6 rats
433 creatures vanquished.

Vanquished Creatures (others)
  2 humans (D:13)
  A slave (D:5)
  2 crimson imps
  2 worker ants (D:5)
  An orc (D:13)
8 creatures vanquished.

Grand Total: 441 creatures vanquished

Notes
Turn   | Place    | Note
-------+----------+-------------------------------------------
     0 | D:1      | vishdafish the Gargoyle Fighter began the quest for the Orb.
     0 | D:1      | Reached XP level 1. HP: 14/14 MP: 1/1
   189 | D:1      | Reached XP level 2. HP: 19/19 MP: 2/2
   685 | D:1      | Reached XP level 3. HP: 21/23 MP: 3/3
   908 | D:2      | Found a bloodstained altar of Trog.
  1487 | D:3      | Reached XP level 4. HP: 25/29 MP: 4/4
  1641 | D:3      | Found a faded altar of an unknown god.
  1782 | D:3      | Found a white marble altar of Elyvilon.
  2180 | D:4      | Reached XP level 5. HP: 16/33 MP: 5/5
  2361 | D:4      | Reached skill level 1 in Dodging
  2495 | D:4      | Noticed an ogre
  2503 | D:4      | Killed an ogre
  2503 | D:4      | Reached XP level 6. HP: 20/38 MP: 6/6
  3030 | D:4      | Noticed a water moccasin
  3067 | D:4      | Killed a water moccasin
  3067 | D:4      | Reached XP level 7. HP: 22/43 MP: 7/7
  3250 | D:5      | Entered Level 5 of the Dungeon
  3266 | D:5      | Reached skill level 5 in Shields
  3288 | D:5      | Got a colourful robe
  3299 | D:5      | Identified the +2 robe of the Oligarchy {Dex+8} (You found it on level 5 of the Dungeon)
  3394 | D:5      | Noticed Dowan
  3395 | D:5      | Noticed Duvessa
  3421 | D:5      | Killed Dowan
  3469 | D:5      | Killed Duvessa
  3469 | D:5      | Reached skill level 5 in Maces & Flails
  3760 | D:5      | Reached skill level 1 in Stealth
  3942 | D:5      | Noticed Pikel
  3988 | D:5      | Killed Pikel
  3988 | D:5      | Reached XP level 8. HP: 12/48 MP: 8/8
  3996 | D:5      | Got a polished plate armour
  4007 | D:5      | Identified the +8 plate armour of Ynkisul {SInv} (You found it on level 5 of the Dungeon)
  4393 | D:5      | Reached XP level 9. HP: 53/53 MP: 9/9
  4453 | D:5      | Reached skill level 5 in Fighting
  4988 | D:6      | Reached skill level 5 in Armour
  5017 | D:6      | Found a sacrificial altar of Ru.
  5071 | D:6      | Found a staircase to the Ecumenical Temple.
  5100 | Temple   | Entered the Ecumenical Temple
  5140 | Temple   | Became a worshipper of Warmaster Okawaru
  5654 | D:7      | Found an opulent altar of Gozag.
  5916 | D:7      | Reached * piety under Okawaru
  6288 | D:8      | Noticed a manticore
  6298 | D:8      | Killed a manticore
  6298 | D:8      | Reached skill level 1 in Evocations
  6572 | D:8      | Reached XP level 10. HP: 60/60 MP: 11/11
  6598 | D:8      | Noticed a cyclops
  6620 | D:8      | Reached skill level 1 in Invocations
  6630 | D:8      | Killed a cyclops
  6630 | D:8      | Reached ** piety under Okawaru
  6630 | D:8      | Reached skill level 5 in Dodging
  6989 | D:8      | Noticed Psyche
  7018 | D:8      | Killed Psyche
  7018 | D:8      | Reached *** piety under Okawaru
  7228 | D:8      | Noticed Joseph
  7242 | D:8      | Killed Joseph
  7435 | D:8      | Found a sparkling altar of Nemelex Xobeh.
  7518 | D:8      | Found Cehil's Distillery.
  7951 | D:9      | Found a blossoming altar of Fedhas.
  8016 | D:9      | Found a basalt altar of Yredelemnul.
  8026 | D:9      | Reached **** piety under Okawaru
  8026 | D:9      | Reached XP level 11. HP: 66/66 MP: 12/14
  8411 | D:9      | Gained mutation: Your muscles are strong. (Str +2) [potion of mutation]
  8411 | D:9      | Gained mutation: You tend to lose your temper in combat. [potion of mutation]
  8411 | D:9      | Gained mutation: You have large cloven feet. [potion of mutation]
  8412 | D:9      | Lost mutation: You tend to lose your temper in combat. [potion of mutation]
  8412 | D:9      | Lost mutation: Your muscles are strong. (Str +2) [potion of mutation]
  8412 | D:9      | Lost mutation: You have large cloven feet. [potion of mutation]
  8412 | D:9      | Gained mutation: You are clumsy. (Dex -2) [potion of mutation]
  8412 | D:9      | Gained mutation: Your natural rate of healing is unusually fast. [potion of mutation]
  8412 | D:9      | Gained mutation: You are resistant to hostile enchantments. (MR+) [potion of mutation]
  8414 | D:9      | Gained mutation: You have an increased reservoir of magic. (+10% MP) [mutagenic meat]
  8458 | D:9      | Noticed an orc knight
  8513 | D:9      | Killed an orc knight
  8522 | D:9      | Noticed a cyclops
  8552 | D:9      | Killed a cyclops
  8557 | D:9      | Gained mutation: Your muscles are strong. (Str +2) [mutagenic meat]
  8558 | D:9      | Gained mutation: You are somewhat resistant to further mutation. [mutagenic meat]
  8755 | D:9      | Noticed a two-headed ogre
  8767 | D:9      | Killed a two-headed ogre
  8767 | D:9      | Reached skill level 5 in Invocations
  8909 | D:9      | Found a glowing golden altar of the Shining One.
  8980 | D:9      | Reached ***** piety under Okawaru
  9338 | D:10     | Entered Level 10 of the Dungeon
  9372 | D:10     | Found a staircase to the Orcish Mines.
  9447 | D:10     | Found a staircase to the Lair.
  9611 | D:10     | Noticed a two-headed ogre
  9626 | D:10     | Killed a two-headed ogre
  9749 | D:10     | Noticed an oklob plant
 10124 | D:11     | Found Qaiwuol's Demolitions Depot.
 10144 | D:11     | Reached skill level 10 in Maces & Flails
 10157 | D:11     | Received a gift from Okawaru
 10157 | D:11     | Reached XP level 12. HP: 48/72 MP: 17/17
 10158 | D:11     | Reached skill level 10 in Armour
 10531 | D:11     | Noticed Josephine
 10558 | D:11     | Killed Josephine
 10961 | D:12     | Reached skill level 10 in Shields
 11350 | D:12     | Noticed a tengu warrior
 11407 | D:12     | Killed a tengu warrior
 11574 | D:12     | Found Emugg's Antique Weapon Boutique.
 11762 | D:13     | Received a gift from Okawaru
 11774 | D:13     | Noticed Urug
 11807 | D:13     | Killed Urug
 11870 | D:13     | Noticed Kirke
 11907 | D:13     | Killed Kirke
 11907 | D:13     | Received a gift from Okawaru
 11907 | D:13     | Reached XP level 13. HP: 68/78 MP: 10/18
 11972 | D:13     | Found a gate to the Vaults.
 11972 | D:13     | Noticed a vault guard
 11972 | D:13     | Noticed a vault guard
 11972 | D:13     | Noticed a vault guard
 11980 | D:13     | Noticed a vault guard
 12043 | D:13     | Killed a vault guard
 12059 | D:13     | Killed a vault guard
 12078 | D:13     | Killed a vault guard
 12100 | D:13     | Killed a vault guard
 13098 | D:14     | Found a flickering gateway to a bazaar.
 13160 | D:14     | Received a gift from Okawaru
 13223 | Bazaar   | Entered a bazaar
 13223 | Bazaar   | Found Roystri's General Store.
 13232 | Bazaar   | Found Gunaw's Distillery.
 13242 | Bazaar   | Found Bashrivi's Antique Armour Emporium.
 13255 | Bazaar   | Found Rupnuwn's Antique Weapon Boutique.
 13276 | Bazaar   | Found Cozor's Gadget Shoppe.
 13445 | D:14     | Found a labyrinth entrance.
 13455 | Lab      | Entered a labyrinth
 14440 | Lab      | Noticed a minotaur
 14907 | Lab      | Killed a minotaur
 14909 | Lab      | Got a glittering turquoise ring
 15277 | D:14     | Gained mutation: Your large and strong wings let you fly indefinitely. [Gargoyle growth]
 15277 | D:14     | Reached XP level 14. HP: 82/86 MP: 16/19
 15786 | D:15     | Entered Level 15 of the Dungeon
 15839 | D:15     | Reached ****** piety under Okawaru
 16089 | D:14     | Received a gift from Okawaru
 16110 | D:14     | Identified the ring of Ygaiklof {+Blink rPois Str+3 Slay+3} (You took it off a minotaur in a labyrinth)
 16750 | Orc:1    | Entered Level 1 of the Orcish Mines
 16766 | Orc:1    | Noticed Maurice
 16788 | Orc:1    | Killed Maurice
 16910 | Orc:2    | Entered Level 2 of the Orcish Mines
 16920 | Orc:2    | Noticed yogakurto's ghost (journeyman MfGl)
 16954 | Orc:2    | Paralysed by yogakurto's ghost for 6 turns
 16966 | Orc:2    | HP: 9/193 [ogre/giant club (2)]
 16970 | Orc:2    | HP: 4/129 [ogre/giant club (3)]
 16970 | Orc:2    | Mangled by an ogre

Skill      XL: |  1  2  3  4  5  6  7  8  9 10 11 12 13 14 |
---------------+-------------------------------------------+-----
Maces & Flails | 3 4 5 6 7 8 10 11 12 | 12.0
Shields        | 4 6 7 8 9 11 12 | 12.7
Dodging        | 1 4 5 6 7 8 |  8.7
Armour         | 4 5 8 9 11 12 | 12.7
Fighting       | 4 5 6 7 8 9 |  9.5
Stealth        | 1 2 |  2.2
Evocations     | 1 |  1.5
Invocations    | 4 5 |  5.0

Action                   |  1- 3 |  4- 6 |  7- 9 | 10-12 | 13-15 || total
-------------------------+-------+-------+-------+-------+-------++-------
Melee: Flail             |   115 |    71 |       |       |       ||   186
       Whip              |       |   213 |   467 |  1368 |   834 ||  2882
Invok: Heroism           |       |       |       |     1 |       ||     1
       Finesse           |       |       |       |     3 |     2 ||     5
 Abil: Evoke Berserk Rag |       |       |     1 |       |       ||     1
       Fly               |       |       |       |       |     1 ||     1
       Stop Flying       |       |       |       |       |     1 ||     1
Evoke: Wand              |       |       |       |     4 |     5 ||     9
  Use: Scroll            |       |     6 |     1 |    10 |     3 ||    20
       Potion            |       |     1 |     2 |     5 |     4 ||    12
 Stab: Invisible         |       |       |     1 |       |       ||     1
       Paralysed         |       |       |     1 |       |       ||     1
       Distracted        |       |       |       |     1 |       ||     1
  Eat: Meat ration       |     1 |     1 |     1 |       |     3 ||     6
       Chunk             |     1 |       |       |     4 |       ||     5
       Bread ration      |       |       |     1 |     5 |     1 ||     7
Armor: Scale mail        |    72 |   192 |     8 |       |       ||   272
       Robe              |       |       |    37 |       |       ||    37
       Plate armour      |       |       |   121 |   724 |   295 ||  1140
       Skin              |       |       |       |       |    19 ||    19
Dodge: Dodged            |    27 |    92 |   118 |   463 |   172 ||   872
Block: Shield            |    58 |   169 |   231 |   784 |   323 ||  1565
